 Dungeon Crawl Stone Soup version 0.31-a0-358-gac0dbeb3ab (webtiles) character file.

Game seed: 5881349561622491515

528 Shard1697 the Cudgeller (level 7, 0/49 HPs)
             Began as a Human Fighter on July 26, 2023.
             Was a Follower of Hepliaklqana.
             Slain by Menkaure (16 damage)
             ... on level 4 of the Dungeon.
             The game lasted 00:06:20 (3666 turns).

Shard1697 the Cudgeller (Human Fighter)             Turns: 3666, Time: 00:06:20

Health: 0/49       AC: 12    Str: 19    XL:     7   Next: 48%
Magic:  7/7        EV:  5    Int:  8    God:    Hepliaklqana [*.....]
Gold:   87         SH:  4    Dex: 12    Spells: 6/6 levels left

rFire   . . .        a - +0 flail
rCold   . . .        c - +0 buckler
rNeg    . . .        v - +1 plate armour {rPois}
rPois   +            (no helmet)
rElec   .            (no cloak)
rCorr   +            (no gloves)
SInv    .            (no boots)
Will    .....        (no amulet) Stlth
                     u - ring of resist corrosion
HPRegen 0.28/turn    (no ring)
MPRegen 0.10/turn

%: no passive effects
@: no status effects
A: reduced essence
a: Renounce Religion, Recall Ancestor, Ancestor Identity


You were on level 4 of the Dungeon.
You worshipped Hepliaklqana.
Hepliaklqana was aware of your devotion.
You visited 1 branch of the dungeon, and saw 5 of its levels.
You also visited: Sewer.

You collected 162 gold pieces.
You spent 75 gold pieces at shops.

Inventory:

Hand Weapons
 a - a +0 flail (weapon)
Armour
 c - a +0 buckler (worn)
 v - a +1 plate armour of poison resistance (worn)
Jewellery
 l - a ring of ice
 u - a ring of resist corrosion (left hand)
Scrolls
 b - a scroll of fear {unknown}
 e - 2 scrolls of enchant weapon
 h - 2 scrolls of fog
 j - 2 scrolls of teleportation {unknown}
 k - a scroll of poison {unknown}
 m - 2 scrolls of amnesia {unknown}
 n - 2 scrolls of enchant armour {unknown}
 p - a scroll of acquirement {unknown}
 r - a scroll of brand weapon {unknown}
Potions
 d - 2 potions of might
 f - a potion of lignification {unknown}
 g - 9 potions of curing {unknown}
 i - a potion of cancellation
 o - a potion of magic
 q - a potion of haste {unknown}
 s - a potion of attraction {unknown}


   Skills:
 + Level 4.5 Fighting
 + Level 6.9 Maces & Flails
 - Level 3.0 Armour
 - Level 3.0 Shields


You had 6 spell levels left.
You didn't know any spells.
Your spell library contained the following spells:

 Spells                   Type           Power      Damage    Failure   Level
 Cigotuvi's Dreadful Rot  Necr/Pois/Air  0%         N/A       100%        2
 Ignite Poison            Fire/Tmut/Pois 0%         N/A       100%        3
 Freezing Cloud           Conj/Ice/Air   0%         6-21      100%        5


Dungeon Overview and Level Annotations

Branches:
Dungeon (5/15)              Sewer (visited)
 Temple: D:4-7

Altars:
Hepliaklqana

Shops:
D:3 ?

Annotations:
D:4 Menkaure


Message History

You hit the ice beast.
The ice beast is severely wounded.
Idiot hits the ice beast but does no damage.
The ice beast hits idiot.
The ice beast freezes idiot.
Idiot resists.
You hit the ice beast but do no damage.
The ice beast is severely wounded.
Idiot hits the ice beast.
The ice beast hits you. The ice beast freezes you!
You hit the ice beast but do no damage.
The ice beast is almost dead.
Idiot hits the ice beast but does no damage.
The ice beast hits idiot.
The ice beast freezes idiot.
Idiot resists.
You feel more attuned to ice.
l - a ring of ice (right hand)
You hit the ice beast but do no damage.
The ice beast is almost dead.
Idiot hits the ice beast.
The ice beast dies!
You start resting.
Ancestor HP restored.
You remove your ring of ice.
You start resting.
HP restored.
You climb downwards.
Level annotation: Menkaure
There is a stone staircase leading up here.
You see here 4 stones.
You swap places.
Menkaure casts a spell.
Menkaure seems to speed up.
There is a stone staircase leading up here.
Menkaure hits you!
You climb upwards.
There is a stone staircase leading down here.
You hit Menkaure.
Menkaure is lightly damaged.
Menkaure hums, "Let me perform the rites..."
Menkaure hits you!
Idiot barely misses Menkaure.
Menkaure hits you!
You die...

###.....#####..###### #.#......
....#..## ##.## ###........
......## #..# ###..........
.....#######.## ##...###......
....#.........######..####.......
....#.........##.....## #.......
...............#.##### #.......
##.##..........R[# #.......
##..#..........M@# #......>
...............).# #.......
#####.#..........# #.......
#####.#..........# #.......
..)..............# #.......
................## #.......
......#..........# ########
.....##..........#
.....##..........#


You could see the friendly idiot the ancestor and Menkaure (fast, ally target).

Vanquished Creatures
  Pargi (Sewer)
  A phantom (D:4)
  2 orc priests
  A hound (D:3)
  A sleepcap (D:4)
  2 orc wizards
  5 adders
  A worm (D:2)
  2 dart slugs
  10 orcs
  6 ball pythons
  10 endoplasms
  7 giant cockroaches
  9 goblins
  7 hobgoblins
  7 kobolds
  3 quokkas
  7 bats
  9 frilled lizards
  8 rats
  A spectral goblin (D:2)
100 creatures vanquished.

Vanquished Creatures (collateral kills)
  An ice beast (D:4)
  A quokka (D:4)
2 creatures vanquished.

Grand Total: 102 creatures vanquished

Notes
Turn   | Place    | Note
-------+----------+-------------------------------------------
     0 | D:1      | Shard1697 the Human Fighter began the quest for the Orb.
     0 | D:1      | Reached XP level 1. HP: 18/18 MP: 1/1
   131 | D:1      | Reached XP level 2. HP: 24/24 MP: 2/2
   216 | D:1      | Reached skill level 3 in Maces & Flails
   334 | D:1      | Reached XP level 3. HP: 29/29 MP: 3/3
   821 | D:2      | You fall into a shaft and drop 2 floors!
   834 | D:4      | Reached skill level 4 in Maces & Flails
   834 | D:4      | Reached XP level 4. HP: 28/35 MP: 4/4
  1048 | D:4      | Found a hazy altar of Hepliaklqana.
  1130 | D:4      | Became a worshipper of Hepliaklqana the Forgotten
  1221 | D:3      | Found Gusilizou's Magic Scroll Emporium.
  1250 | D:3      | Bought a scroll of enchant weapon for 75 gold pieces
  1299 | D:3      | Reached XP level 5. HP: 39/41 MP: 5/5
  1354 | D:3      | Reached skill level 5 in Maces & Flails
  1378 | D:3      | Found a glowing drain.
  1382 | Sewer    | Entered a sewer
  1433 | Sewer    | Noticed Pargi
  1466 | Sewer    | Killed Pargi
  1467 | Sewer    | Reached skill level 6 in Maces & Flails
  1467 | Sewer    | Reached XP level 6. HP: 20/47 MP: 6/6
  2337 | D:2      | Found a faded altar of an unknown god.
  3066 | D:3      | Reached * piety under Hepliaklqana
  3380 | D:5      | Entered Level 5 of the Dungeon
  3383 | D:5      | Noticed Menkaure
  3389 | D:4      | Reached XP level 7. HP: 44/47 MP: 7/7
  3666 | D:4      | Slain by Menkaure

Illustrated notes

Levels and vault maps discovered:
D:1:      dpeg_arrival_connections, layout_basic
D:2:      layout_rooms, dreamdust_ecumenical_altar_drowned_temple,
          minmay_tripent
D:3:      layout_rooms, gup_sewer_entry_spiral, serial_shops, shop
D:4:      layout_rooms, mainiacjoe_overflow_concentric_impassable, hex_tiny
D:5:      layout_loops_ring, uniq_menkaure

Skill      XL: |  1  2  3  4  5  6  7 |
---------------+----------------------+-----
Maces & Flails | 3 4 6 |  6.9
Fighting       | 4 |  4.5
Armour         | |  3.0
Shields        | |  3.0

Action                     |  1- 3 |  4- 6 |  7- 9 || total
---------------------------+-------+-------+-------++-------
  Melee: Flail             |    93 |   229 |    19 ||   341
 Invoke: Ancestor Identity |       |     1 |       ||     1
    Use: Scroll            |       |     4 |       ||     4
         Potion            |       |     1 |       ||     1
 Armour: Scale mail        |    41 |    71 |       ||   112
         Chain mail        |       |    26 |       ||    26
         Plate armour      |       |    14 |    18 ||    32
  Dodge: Dodged            |    40 |   127 |     4 ||   171
  Block: Buckler           |    22 |    57 |     3 ||    82

Table legend: (Time is in decaauts)
 A = Elapsed time spent in this place.
 B = Non-inter-level travel time spent in this place.
 C = Inter-level travel time spent in this place.
 D = Time resting spent in this place.
 E = Time spent auto-exploring this place.
 F = Levels seen in this place.
 G = Mean time per level.
                   A        B        C        D        E       F      G
               +--------+--------+--------+--------+--------+-----+--------+
         Total |   3808 |   3683 |    125 |    807 |   1836 |   6 |  634.7 |
       Dungeon |   3504 |   3379 |    125 |    710 |   1741 |   5 |  700.8 |
         Sewer |    304 |    304 |      0 |     97 |     95 |   1 |  304.0 |
               +--------+--------+--------+--------+--------+-----+--------+

Top non-repeatable levels by time:
     D:3: 954 daAuts
     D:2: 924 daAuts
     D:4: 835 daAuts
     D:1: 767 daAuts
   Sewer: 304 daAuts
     D:5: 23 daAuts
